 Dungeon Crawl Stone Soup version 0.23.2-1-ga50397a (webtiles) character file.

Game seed: 1411434337765091266

63 night the Slasher (level 4, -5/36 HPs)
             Began as a Barachi Fighter on Apr 26, 2019.
             Slain by an orc
             ... wielding a +0 flail
              (7 damage)
             ... on level 2 of the Dungeon.
             The game lasted 00:03:16 (1841 turns).

night the Slasher (Barachi Fighter)                 Turns: 1841, Time: 00:03:17

Health: -5/36      AC:  6    Str: 18    XL:     4   Next: 10%
Magic:  4/4        EV:  7    Int:  9    God:
Gold:   79         SH:  9    Dex: 11    Spells: 3/3 levels left

rFire    . . .     SeeInvis .   a - +0 long sword
rCold    . . .     Gourm    .   c - +0 shield
rNeg     . . .     Faith    .   b - +0 scale mail
rPois    .         Spirit   .   (no helmet)
rElec    .         Reflect  .   (no cloak)
rCorr    .         Harm     .   (no gloves)
MR       .....     Rnd*Tele +   (no boots)
Stlth    ..........             (no amulet)
HPRegen  0.12/turn              n - ring of teleportation (curse)
MPRegen  0.09/turn              (no ring)

@: slow
A: +LOS, swims, slowness 1, strong legs 1
a: Hop


You were on level 2 of the Dungeon.
You were not hungry.

You visited 1 branch of the dungeon, and saw 3 of its levels.

You collected 79 gold pieces.

Inventory:

Hand Weapons
 a - a +0 long sword (weapon)
Missiles
 h - 130 stones (quivered)
Armour
 b - a +0 scale mail (worn)
 c - a +0 shield (worn)
Jewellery
 n - a cursed ring of teleportation (left hand)
Scrolls
 e - a scroll of remove curse {unknown}
 g - a scroll of identify
 i - a scroll of teleportation
 l - a scroll of enchant armour {unknown}
Potions
 d - a potion of might
 j - 2 potions of lignification {unknown}
 m - a potion of cancellation {unknown}
Comestibles
 f - 4 rations
 k - 6 chunks of flesh


   Skills:
 - Level 3.6 Fighting
 + Level 4.9 Long Blades
 - Level 3.6 Armour
 + Level 3.6 Shields


You had 3 spell levels left.
You didn't know any spells.
Your spell library was empty.

Dungeon Overview and Level Annotations

Branches:
Dungeon (3/15)

Altars:


Innate Abilities, Weirdness & Mutations

Shadows flee at your approach. (+LOS)
You can swim through water.
You cover ground slowly.
You can hop short distances.


Message History

You hit the bat.
You kill the bat!
The orc hits you but does no damage. The orc hits you with a +0 flail.
* * * LOW HITPOINT WARNING * * *
You block the orc's attack.
You hit the orc but do no damage. The orc hits you with a +0 flail.
* * * LOW HITPOINT WARNING * * *
You closely miss the orc. The orc hits you with a +0 flail.
* * * LOW HITPOINT WARNING * * *
You hit the orc but do no damage. You block the orc's attack.
The crimson imp hits you.
* * * LOW HITPOINT WARNING * * *
You barely miss the orc. The orc hits you with a +0 flail.
* * * LOW HITPOINT WARNING * * *
The crimson imp hits you but does no damage.
The orc hits you but does no damage. You block the crimson imp's attack.
You hit the orc.
The orc is lightly wounded.
You block the crimson imp's attack. The orc hits you with a +0 flail!
You die...

.##.....รท.....#
.######.#.#####
........#(#
#########.##########
#.##.......# #.##.#####.#
#####)##.# #.#
#........#####.###
#.###.#..##.@oo..#
#####.##.....##5##.#.#
...................#.#
#####.#.........####.####
# #.###.#.##### #....# #
#.###.#.# ####.# #
#.......# #.# # #.......#
#.# # ####...## #.#


You could see a crimson imp and 2 orcs.

Vanquished Creatures
  An adder (D:2)
  An ooze (D:2)
  9 bats
  2 giant cockroaches (D:1)
  5 goblins
  4 hobgoblins
  8 jackals
  7 kobolds
  A ball python (D:1)
  4 frilled lizards
  2 rats (D:1)
44 creatures vanquished.

Notes
Turn   | Place    | Note
-------+----------+-------------------------------------------
     0 | D:1      | night the Barachi Fighter began the quest for the Orb.
     0 | D:1      | Reached XP level 1. HP: 18/18 MP: 1/1
    72 | D:1      | Reached skill level 3 in Long Blades
    91 | D:1      | Reached XP level 2. HP: 24/24 MP: 2/2
   379 | D:1      | Reached skill level 4 in Long Blades
   573 | D:1      | Reached XP level 3. HP: 26/29 MP: 3/3
  1747 | D:3      | Reached XP level 4. HP: 36/36 MP: 4/4
  1841 | D:2      | Slain by an orc

Skill      XL: |  1  2 |
---------------+-------+-----
Long Blades    | 3 4 |  4.9
Fighting       | |  3.6
Armour         | |  3.6
Shields        | |  3.6

Action                   |  1- 3 |  4- 6 || total
-------------------------+-------+-------++-------
Melee: Long sword        |   132 |    27 ||   159
  Use: Scroll            |     5 |       ||     5
  Eat: Chunk             |     4 |       ||     4
Armor: Scale mail        |    63 |    15 ||    78
Dodge: Dodged            |    46 |    13 ||    59
Block: Shield            |   106 |    23 ||   129
       Rpst.: Long sword |    12 |     6 ||    18
